| TOP OF THE 1ST |
|
Bluefield Grays batting - Pitching for Covington Blue Sox : RHP Javier Landeros
|
|
Pitching: RHP Javier Landeros
|
|
|
Batting: RHB Felix Fermin
|
0-0: Reached on error, E5 (Groundball, 25, EV 43.8 MPH)
|
|
Batting: SHB Casey Candaele
|
0-0: Ball 1-0: Foul Ball, location: 2F 1-1: SINGLE (Line Drive, 7S, EV 85.6 MPH) Felix Fermin to second
|
|
Batting: RHB Charlie Hayes
|
0-0: Ball 1-0: Called Strike 1-1: Called Strike 1-2: Ball 2-2: Ball 3-2: Base on Balls Felix Fermin to third Casey Candaele to second
|
|
Batting: RHB Richard Diaz
|
0-0: Fly out, F9 (Flyball, 9LD, EV 106.9 MPH) Runner from 3rd tags up, SCORES, no throw by RF Casey Candaele to third
|
|
Batting: RHB David Martinez
|
0-0: Ball 1-0: DOUBLE (Groundball, 5L, EV 98.8 MPH) Casey Candaele scores Charlie Hayes to third
|
|
Batting: LHB David Price
|
0-0: Ball 1-0: Ball 2-0: Ball 3-0: Base on Balls
|
|
Batting: RHB Sam Haley
|
0-0: Ball 1-0: Grounds into double play, 3-6-3 (Groundball, 34, EV 86.9 MPH)
|
| Top of the 1st over - 2 runs, 2 hits, 1 error, 2 left on base; Bluefield 2 - Covington 0 |
| BOTTOM OF THE 1ST |
|
Covington Blue Sox batting - Pitching for Bluefield Grays : LHP Kenny Rogers
|
|
Pitching: LHP Kenny Rogers
|
|
|
Batting: RHB Douglas Palmer
|
0-0: Called Strike 0-1: Ball 1-1: Ball 2-1: Foul Ball, location: 2F 2-2: Fly out, F4 (Line Drive, 4, EV 74.4 MPH)
|
|
Batting: RHB Kenneth Bodle
|
0-0: Swinging Strike 0-1: Ball 1-1: SINGLE (Groundball, 56D, EV 95.0 MPH)
|
|
Batting: LHB Tito Nanni
|
0-0: Called Strike 0-1: Called Strike 0-2: Strikes out swinging
|
|
Batting: RHB Francisco Batista
|
0-0: Ground out 4-3 (Groundball, 34, EV 93.8 MPH)
|
| Bottom of the 1st over - 0 runs, 1 hit, 0 errors, 1 left on base; Bluefield 2 - Covington 0 |
| TOP OF THE 2ND |
|
Bluefield Grays batting - Pitching for Covington Blue Sox : RHP Javier Landeros
|
|
Batting: SHB Chris Maloney
|
0-0: Ball 1-0: Called Strike 1-1: Foul Ball, location: 2F 1-2: Foul Ball, location: 2F 1-2: Ball 2-2: Ball 3-2: Foul Ball, location: 2F 3-2: Strikes out swinging
|
|
Batting: SHB Alex Garcia
|
0-0: Ball 1-0: Ball 2-0: SINGLE (Groundball, 25, EV 68.1 MPH) (infield hit)
|
|
Batting: RHB Felix Fermin
|
0-0: Called Strike 0-1: Ball 1-1: Foul Ball, location: 2F 1-2: Ball 2-2: Strikes out swinging
|
|
Batting: SHB Casey Candaele
|
0-0: Ball 1-0: Called Strike 1-1: Fly out, F8 (Flyball, 8RS, EV 89.4 MPH)
|
| Top of the 2nd over - 0 runs, 1 hit, 0 errors, 1 left on base; Bluefield 2 - Covington 0 |
| BOTTOM OF THE 2ND |
|
Covington Blue Sox batting - Pitching for Bluefield Grays : LHP Kenny Rogers
|
|
Batting: RHB Bill White
|
0-0: Ball 1-0: Called Strike 1-1: Ball 2-1: Foul Ball, location: 2F 2-2: Ball 3-2: Foul Ball, location: 2F 3-2: Foul Ball, location: 2F 3-2: Foul Ball, location: 2F 3-2: Ground out 5-3 (Groundball, 5S, EV 75.6 MPH)
|
|
Batting: RHB Joseph Tarver
|
0-0: Ball 1-0: SINGLE (Flyball, 7S, EV 96.9 MPH)
|
|
Batting: RHB Ronn Reynolds
|
0-0: Foul Ball, location: 2F 0-1: Ball 1-1: Foul Ball, location: 2F 1-2: Foul Ball, location: 2F 1-2: Strikes out swinging
|
|
Batting: RHB Salvatore Favata
|
0-0: Ball Joseph Tarver steals 2nd, throwing error, E2 Joseph Tarver to third 1-0: SINGLE (Flyball, 78S, EV 86.3 MPH) Joseph Tarver scores
|
|
Batting: RHB Miguel Ortiz
|
0-0: Called Strike 0-1: Ball 1-1: Called Strike 1-2: Foul Ball, location: 2F 1-2: Fly out, F7 (Line Drive, 7, EV 90.0 MPH)
|
| Bottom of the 2nd over - 1 run, 2 hits, 1 error, 1 left on base; Bluefield 2 - Covington 1 |
| TOP OF THE 3RD |
|
Bluefield Grays batting - Pitching for Covington Blue Sox : RHP Javier Landeros
|
|
Batting: RHB Charlie Hayes
|
0-0: Ball 1-0: Ball 2-0: Ground out 5-3 (Groundball, 56, EV 105.6 MPH)
|
|
Batting: RHB Richard Diaz
|
0-0: Ball 1-0: Ground out 4-3 (Groundball, 4, EV 87.5 MPH)
|
|
Batting: RHB David Martinez
|
0-0: Ball 1-0: Foul Ball, location: 2F 1-1: Ball 2-1: Swinging Strike 2-2: Ball 3-2: Base on Balls
|
|
Batting: LHB David Price
|
0-0: Ball David Martinez steals 2nd base 1-0: Called Strike 1-1: Foul Ball, location: 2F 1-2: Foul Ball, location: 2F 1-2: Ground out 6-3 (Groundball, 6, EV 86.9 MPH)
|
| Top of the 3rd over - 0 runs, 0 hits, 0 errors, 1 left on base; Bluefield 2 - Covington 1 |
| BOTTOM OF THE 3RD |
|
Covington Blue Sox batting - Pitching for Bluefield Grays : LHP Kenny Rogers
|
|
Batting: RHB Douglas Palmer
|
0-0: Foul Ball, location: 2F 0-1: Fly out, F7 (Flyball, 7, EV 90.0 MPH)
|
|
Batting: RHB Kenneth Bodle
|
0-0: Swinging Strike 0-1: Ball 1-1: Fly out, F8 (Flyball, 8LS, EV 97.5 MPH)
|
|
Batting: LHB Tito Nanni
|
0-0: Ball 1-0: Foul Ball, location: 2F 1-1: Swinging Strike 1-2: Ball 2-2: Ball 3-2: Base on Balls
|
|
Batting: RHB Francisco Batista
|
0-0: Fly out, F9 (Flyball, 9LM, EV 90.0 MPH)
|
| Bottom of the 3rd over - 0 runs, 0 hits, 0 errors, 1 left on base; Bluefield 2 - Covington 1 |
| TOP OF THE 4TH |
|
Bluefield Grays batting - Pitching for Covington Blue Sox : RHP Javier Landeros
|
|
Batting: RHB Sam Haley
|
0-0: Ball 1-0: Ball 2-0: Ball 3-0: Called Strike 3-1: Fly out, F8 (Flyball, 89D, EV 93.1 MPH)
|
|
Batting: SHB Chris Maloney
|
0-0: Called Strike 0-1: SINGLE (Line Drive, 78S, EV 87.5 MPH)
|
|
Batting: SHB Alex Garcia
|
0-0: DOUBLE (Flyball, 7LM, EV 93.8 MPH) Chris Maloney to third
|
|
Batting: RHB Felix Fermin
|
0-0: Called Strike 0-1: Swinging Strike 0-2: Foul Ball, location: 2F 0-2: Strikes out swinging
|
|
Batting: SHB Casey Candaele
|
0-0: Called Strike 0-1: Ground out U3 (Groundball, 3, EV 87.5 MPH)
|
| Top of the 4th over - 0 runs, 2 hits, 0 errors, 2 left on base; Bluefield 2 - Covington 1 |
| BOTTOM OF THE 4TH |
|
Covington Blue Sox batting - Pitching for Bluefield Grays : LHP Kenny Rogers
|
|
Batting: RHB Bill White
|
0-0: Ball 1-0: Foul Ball, location: 2F 1-1: Foul Ball, location: 2F 1-2: Fly out, F8 (Flyball, 8RD, EV 101.9 MPH)
|
|
Batting: RHB Joseph Tarver
|
0-0: Called Strike 0-1: Ball 1-1: Called Strike 1-2: Strikes out swinging
|
|
Batting: RHB Ronn Reynolds
|
0-0: Ball 1-0: Ball 2-0: Ball 3-0: Called Strike 3-1: Foul Ball, location: 2F 3-2: Foul Ball, location: 2F 3-2: Fly out, F8 (Flyball, 8LXD, EV 106.9 MPH)
|
| Bottom of the 4th over - 0 runs, 0 hits, 0 errors, 0 left on base; Bluefield 2 - Covington 1 |
| TOP OF THE 5TH |
|
Bluefield Grays batting - Pitching for Covington Blue Sox : RHP Javier Landeros
|
|
Batting: RHB Charlie Hayes
|
0-0: Foul Ball, location: 2F 0-1: Called Strike 0-2: Ball 1-2: Strikes out looking
|
|
Batting: RHB Richard Diaz
|
0-0: Called Strike 0-1: Called Strike 0-2: Ball 1-2: SINGLE (Line Drive, 89M, EV 86.9 MPH)
|
|
Batting: RHB David Martinez
|
0-0: SINGLE (Line Drive, 34, EV 101.3 MPH) Richard Diaz to second
|
|
Batting: LHB David Price
|
0-0: Ball 1-0: Called Strike 1-1: Ball 2-1: Fly out, F8 (Flyball, 8RD, EV 93.1 MPH)
|
|
Batting: RHB Sam Haley
|
0-0: Ball Wild Pitch! Richard Diaz to third David Martinez to second 1-0: Called Strike 1-1: Ball 2-1: SINGLE (Line Drive, 7LS, EV 113.8 MPH) Richard Diaz scores David Martinez to third Runner from 3rd tries for Home, SAFE, throw by LF to home
|
|
Batting: SHB Chris Maloney
|
0-0: Ball 1-0: Ball 2-0: Called Strike 2-1: Fly out, F7 (Flyball, 7LS, EV 90.0 MPH)
|
| Top of the 5th over - 2 runs, 3 hits, 0 errors, 1 left on base; Bluefield 4 - Covington 1 |
| BOTTOM OF THE 5TH |
|
Covington Blue Sox batting - Pitching for Bluefield Grays : LHP Kenny Rogers
|
|
Batting: RHB Salvatore Favata
|
0-0: Ground out 4-3 (Groundball, 4, EV 92.5 MPH)
|
|
Batting: RHB Miguel Ortiz
|
0-0: Called Strike 0-1: Swinging Strike 0-2: Ground out U3 (Groundball, 34S, EV 80.0 MPH)
|
|
Batting: RHB Douglas Palmer
|
0-0: DOUBLE (Line Drive, 9LS, EV 96.9 MPH)
|
|
Batting: RHB Kenneth Bodle
|
0-0: Called Strike 0-1: Ball 1-1: Called Strike 1-2: Ball 2-2: Foul Ball, location: 2F 2-2: Strikes out swinging
|
| Bottom of the 5th over - 0 runs, 1 hit, 0 errors, 1 left on base; Bluefield 4 - Covington 1 |
| TOP OF THE 6TH |
|
Bluefield Grays batting - Pitching for Covington Blue Sox : RHP Javier Landeros
|
|
Batting: SHB Alex Garcia
|
0-0: Ball 1-0: Ball 2-0: Foul Ball, location: 2F 2-1: Ball 3-1: Fly out, F8 (Flyball, 8LM, EV 82.5 MPH)
|
|
Batting: RHB Felix Fermin
|
0-0: Ball 1-0: Fly out, F4 (Line Drive, 4, EV 63.1 MPH)
|
|
Batting: SHB Casey Candaele
|
0-0: Ball 1-0: Ground out 6-3 (Groundball, 6, EV 85.0 MPH)
|
| Top of the 6th over - 0 runs, 0 hits, 0 errors, 0 left on base; Bluefield 4 - Covington 1 |
| BOTTOM OF THE 6TH |
|
Covington Blue Sox batting - Pitching for Bluefield Grays : LHP Kenny Rogers
|
|
Batting: LHB Tito Nanni
|
0-0: Foul Ball, location: 2F 0-1: Fly out, F5 (Popup, 25, EV 86.9 MPH)
|
|
Batting: RHB Francisco Batista
|
0-0: Ball 1-0: Ball 2-0: Called Strike 2-1: Ball 3-1: Ground out 4-3 (Groundball, 34, EV 95.6 MPH)
|
|
Batting: RHB Bill White
|
0-0: Swinging Strike 0-1: Ball 1-1: Ball 2-1: Called Strike 2-2: SINGLE (Groundball, 56D, EV 105.6 MPH)
|
|
Batting: RHB Joseph Tarver
|
0-0: Called Strike 0-1: Foul Ball, location: 2F 0-2: Foul Ball, location: 2F 0-2: Fly out, F4 (Popup, 4D, EV 45.6 MPH)
|
| Bottom of the 6th over - 0 runs, 1 hit, 0 errors, 1 left on base; Bluefield 4 - Covington 1 |
| TOP OF THE 7TH |
|
Bluefield Grays batting - Pitching for Covington Blue Sox : RHP Javier Landeros
|
|
Batting: RHB Charlie Hayes
|
0-0: Called Strike 0-1: Ball 1-1: Ground out 5-3 (Groundball, 5, EV 105.6 MPH)
|
|
Batting: RHB Richard Diaz
|
0-0: Ball 1-0: Called Strike 1-1: Ball 2-1: SINGLE (Line Drive, 8LS, EV 112.5 MPH)
|
|
Batting: RHB David Martinez
|
0-0: Called Strike Richard Diaz is caught stealing 2nd base 2-4 0-1: Foul Ball, location: 2F 0-2: Ball 1-2: Strikes out swinging
|
| Top of the 7th over - 0 runs, 1 hit, 0 errors, 0 left on base; Bluefield 4 - Covington 1 |
| BOTTOM OF THE 7TH |
|
Covington Blue Sox batting - Pitching for Bluefield Grays : LHP Kenny Rogers
|
|
Batting: RHB Ronn Reynolds
|
0-0: Ball 1-0: Fly out, F8 (Flyball, 8LD, EV 93.1 MPH)
|
|
Batting: RHB Salvatore Favata
|
0-0: Ball 1-0: Ball 2-0: Fly out, F7 (Flyball, 78M, EV 72.5 MPH)
|
|
Batting: RHB Miguel Ortiz
|
0-0: Ball 1-0: Ball 2-0: Ground out 5-3 (Groundball, 56S, EV 86.3 MPH)
|
| Bottom of the 7th over - 0 runs, 0 hits, 0 errors, 0 left on base; Bluefield 4 - Covington 1 |
| TOP OF THE 8TH |
|
Bluefield Grays batting - Pitching for Covington Blue Sox : RHP Javier Landeros
|
|
Batting: LHB David Price
|
0-0: Fly out, F7 (Flyball, 7LM, EV 90.0 MPH)
|
|
Batting: RHB Sam Haley
|
0-0: Ball 1-0: SINGLE (Line Drive, 6M, EV 108.1 MPH)
|
|
Batting: SHB Chris Maloney
|
0-0: Ball 1-0: Ball 2-0: Ball 3-0: Base on Balls Sam Haley to second
|
|
Batting: SHB Alex Garcia
|
0-0: Ball 1-0: Foul Ball, location: 2F 1-1: Ball 2-1: Fly out, F9 (Flyball, 89D, EV 96.9 MPH) Runner from 2nd tags up, SAFE at 3rd, no throw by RF
|
|
Batting: RHB Felix Fermin
|
0-0: Called Strike 0-1: Ground out 5-3 (Groundball, 5S, EV 84.4 MPH)
|
| Top of the 8th over - 0 runs, 1 hit, 0 errors, 2 left on base; Bluefield 4 - Covington 1 |
| BOTTOM OF THE 8TH |
|
Covington Blue Sox batting - Pitching for Bluefield Grays : LHP Kenny Rogers
|
|
Pitching: RHP Jeff Perry
|
|
|
Now at SS: Steven Wolff
|
|
|
Now in CF: Eduardo Sanchez
|
|
|
Batting: RHB Douglas Palmer
|
0-0: Called Strike 0-1: Foul Ball, location: 2F 0-2: Reached on error, E6 (Groundball, 6, EV 105.6 MPH)
|
|
Batting: RHB Kenneth Bodle
|
0-0: Foul Ball, location: 2F 0-1: Called Strike 0-2: Ball 1-2: Fielders Choice at 2nd, 3-6 (Groundball, 34, EV 106.9 MPH)
|
|
Batting: LHB Tito Nanni
|
0-0: Ball 1-0: Ball Wild Pitch! Kenneth Bodle to second 2-0: Ball 3-0: Called Strike 3-1: Fly out, F8 (Flyball, 8LS, EV 90.6 MPH)
|
|
Batting: RHB Francisco Batista
|
0-0: Foul Ball, location: 2F 0-1: DOUBLE (Line Drive, 7LM, EV 108.8 MPH) Kenneth Bodle scores
|
|
Batting: RHB Bill White
|
0-0: Called Strike 0-1: Foul Ball, location: 2F 0-2: Ball 1-2: Ground out 5-3 (Groundball, 5, EV 90.0 MPH)
|
| Bottom of the 8th over - 1 run, 1 hit, 1 error, 1 left on base; Bluefield 4 - Covington 2 |
| TOP OF THE 9TH |
|
Bluefield Grays batting - Pitching for Covington Blue Sox : RHP Javier Landeros
|
|
Batting: SHB Casey Candaele
|
0-0: Swinging Strike 0-1: Foul Ball, location: 2F 0-2: Strikes out swinging
|
|
Batting: RHB Charlie Hayes
|
0-0: DOUBLE (Line Drive, 3D, EV 97.5 MPH)
|
|
Batting: RHB Richard Diaz
|
0-0: Intentional Walk
|
|
Batting: RHB David Martinez
|
0-0: Ball 1-0: Fly out, F3 (Flyball, 3D, EV 93.1 MPH)
|
|
Batting: LHB David Price
|
0-0: Swinging Strike 0-1: Ball 1-1: Ball 2-1: Ball 3-1: Swinging Strike 3-2: Strikes out swinging
|
| Top of the 9th over - 0 runs, 1 hit, 0 errors, 2 left on base; Bluefield 4 - Covington 2 |
| BOTTOM OF THE 9TH |
|
Covington Blue Sox batting - Pitching for Bluefield Grays : RHP Jeff Perry
|
|
Pitching: LHP Franklin Angel
|
|
|
Batting: RHB Joseph Tarver
|
0-0: Ball 1-0: Called Strike 1-1: Foul Ball, location: 2F 1-2: Strikes out swinging
|
|
Batting: RHB Ronn Reynolds
|
0-0: Ball 1-0: Ball 2-0: Ball 3-0: Called Strike 3-1: Foul Ball, location: 2F 3-2: Base on Balls
|
|
Batting: RHB Salvatore Favata
|
0-0: Fly out, F8 (Flyball, 78D, EV 90.6 MPH)
|
|
Pinch Hitting: RHB William Hoff
|
0-0: Ball 1-0: Ball 2-0: 2-RUN HOME RUN (Flyball, 7D, EV 104.4 MPH), Distance : 359 ft
|
|
Batting: RHB Douglas Palmer
|
0-0: Called Strike 0-1: Ball 1-1: Foul Ball, location: 2F 1-2: Strikes out looking
|
| Bottom of the 9th over - 2 runs, 1 hit, 0 errors, 0 left on base; Bluefield 4 - Covington 4 |
| TOP OF THE 10TH |
|
Bluefield Grays batting - Pitching for Covington Blue Sox : RHP Javier Landeros
|
|
Pitching: RHP Joe Isaacs
|
|
|
Now at 1B: William Hoff
|
|
|
Batting: RHB Sam Haley
|
0-0: Foul Ball, location: 2F 0-1: SINGLE (Groundball, 56, EV 105.6 MPH)
|
|
Batting: SHB Chris Maloney
|
0-0: Called Strike 0-1: Ball Sam Haley steals 2nd base 1-1: Intentional Walk
|
|
Batting: RHB Steven Wolff
|
0-0: Called Strike 0-1: SINGLE (Groundball, 6MS, EV 74.4 MPH) (infield hit) Sam Haley to third Chris Maloney to second
|
|
Batting: RHB Eduardo Sanchez
|
0-0: Ball 1-0: Foul Ball, location: 2F 1-1: Swinging Strike 1-2: Ball 2-2: Ball 3-2: Fly out, F7 (Flyball, 7D, EV 84.4 MPH) Runner from 3rd tags up, OUT at HOME! 7-2 Chris Maloney to third Steven Wolff to second
|
|
Batting: SHB Casey Candaele
|
0-0: Intentional Walk
|
|
Pinch Hitting: RHB Brad Colton
|
0-0: Ball 1-0: Ball 2-0: Fly out, F2 (Popup, 25F, EV 87.5 MPH)
|
| Top of the 10th over - 0 runs, 2 hits, 0 errors, 3 left on base; Bluefield 4 - Covington 4 |
| BOTTOM OF THE 10TH |
|
Covington Blue Sox batting - Pitching for Bluefield Grays : LHP Franklin Angel
|
|
Now at 3B: Brad Colton
|
|
|
Batting: RHB Kenneth Bodle
|
0-0: Ball 1-0: Reached on error, E5 (Groundball, 56S, EV 85.6 MPH)
|
|
Pinch Hitting: RHB Reginald Dewar
|
0-0: Ball 1-0: Foul Ball, location: 2F 1-1: Called Strike 1-2: Foul Ball, location: 2F 1-2: Ball 2-2: DOUBLE (Flyball, 8RXD, EV 100.0 MPH) Kenneth Bodle scores
|
| Bottom of the 10th over - 1 run, 1 hit, 1 error, 0 left on base; Bluefield 4 - Covington 5 |
|